AoeStats
← raw0000

Arena

510489268Analyzed
4v4 RM · 1d ago on Oct 1, 2026· 70m 51s· 8 players
Game mode
Random Map
Map size
Large (8 player)
Population
200
Speed
Normal
Resources
Standard
Victory
Conquest
Starting age
Dark Age
Ending age
Imperial Age
RankedLock teamsTeams togetherTeam positionsShared explorationLock speedFull tech treeHidden civsTurbo modeCheats
Victory
Defeat
🇨🇳 Wu · China
1374
+12
🇨🇳 Varangians · China
1281
+16
🇮🇳 Bohemians · India
1247
+17
🇮🇳 Hindustanis · India
1146
+22
🇳🇱 Burgundians · Netherlands
1322
-19
🇧🇷 Koreans · Brazil
1282
-17
🇨🇳 Ethiopians · China
1259
-16
🇮🇳 Celts · India
1248
-15
Boar to Death
6:32 Double-Bit Axe
7:44 Horse Collar
10:52 Feudal Age
15:10 Castle Age
13:38 Bow Saw
17:37 Wheelbarrow
19:38 Gold Mining
22:29 Stone Mining
23:19 Hand Cart
24:42 Gold Shaft Mining
26:32 Sanctity
26:03 Loom
28:49 Imperial Age
27:09 Scale Barding Armor
27:15 Forging
28:29 Chain Barding Armor
29:06 Husbandry
30:10 Iron Casting
29:56 Burgundian Vineyards
29:31 Elite Coustillier
30:32 Conscription
30:58 Plate Barding Armor
31:09 Stone Shaft Mining
33:01 Chemistry
32:22 Ballistics
33:51 Blast Furnace
36:09 Pikeman
36:50 Squires
36:36 Arson
36:54 Scale Mail Armor
37:12 Halberdier
40:44 Chain Mail Armor
43:41 Murder Holes
55:18 Elite Skirmisher
58:51 Fletching
59:32 Plate Mail Armor
59:03 Padded Archer Armor
60:58 Bodkin Arrow
62:04 Leather Archer Armor
63:37 Bracer
65:22 Capped Ram
有个小草
10:36 Feudal Age
14:27 Castle Age
12:20 Double-Bit Axe
14:04 Horse Collar
15:39 Heavy Plow
21:26 Loom
24:06 Wheelbarrow
25:12 Bow Saw
25:43 Gold Mining
25:43 Stone Mining
25:51 Fletching
31:09 Imperial Age
29:21 Hand Cart
29:52 Thumb Ring
29:07 Crossbowman
29:54 Elite Skirmisher
29:55 Crossbowman
30:30 Arson
30:46 Squires
31:18 Halberdier
31:31 Arbalester
33:43 Two-Man Saw
32:59 Fletching
33:10 Padded Archer Armor
34:00 Conscription
33:49 Bodkin Arrow
35:03 Scale Mail Armor
35:13 Forging
35:19 Leather Archer Armor
35:05 Bracer
39:33 Chemistry
38:40 Siege Engineers
39:01 Ballistics
38:47 Siege Engineers
38:53 Fortified Wall
41:04 Ring Archer Armor
40:50 Chain Mail Armor
41:10 Iron Casting
48:00 Heavy Scorpion
60:52 Plate Mail Armor
61:23 Blast Furnace
61:33 Blast Furnace
66:16 Town Watch
69:17 Caravan
raw0000
9:46 Feudal Age
14:40 Castle Age
12:53 Double-Bit Axe
13:17 Horse Collar
36:00 Bow Saw
39:43 Loom
42:21 Heavy Plow
48:23 Wheelbarrow
47:34 Town Watch
48:15 Pikeman
48:42 Arson
52:11 Imperial Age
52:14 Forging
52:42 Scale Mail Armor
54:00 Chain Mail Armor
54:51 Iron Casting
56:42 Hand Cart
60:50 Guilds
60:26 Halberdier
76561199637712823
11:36 Feudal Age
15:12 Castle Age
13:32 Loom
14:43 Stone Mining
16:49 Fletching
22:34 Bodkin Arrow
34:26 Wheelbarrow
36:51 Imperial Age
35:15 Crossbowman
36:01 Double-Bit Axe
36:53 Thumb Ring
37:44 Bracer
38:13 Gold Mining
39:42 Fortified Wall
40:15 Arbalester
44:30 Conscription
45:22 Pikeman
46:02 Squires
46:33 Ballistics
48:16 Elite Skirmisher
55:01 Halberdier
57:35 Forging
57:25 Scale Mail Armor
63:15 Iron Casting
62:55 Chain Mail Armor
68:07 Light Cavalry
68:58 Scale Barding Armor
ssindho
10:30 Feudal Age
14:31 Castle Age
12:44 Double-Bit Axe
13:32 Horse Collar
18:41 Loom
19:14 Bow Saw
22:44 Wheelbarrow
25:12 Hand Cart
29:50 Imperial Age
32:03 Husbandry
33:00 Bloodlines
33:22 Forging
33:51 Scale Barding Armor
34:47 Iron Casting
35:36 Chain Barding Armor
36:45 Heavy Plow
37:47 Two-Man Saw
38:08 Blast Furnace
37:44 Plate Barding Armor
36:38 Heavy Camel Rider
38:58 Plate Barding Armor
38:50 Imperial Camel Rider
39:05 Siege Elephant
43:46 Chemistry
43:03 Scale Mail Armor
43:05 Fletching
43:56 Padded Archer Armor
44:37 Conscription
44:20 Shatagni
46:44 Leather Archer Armor
49:32 Chain Mail Armor
49:48 Ring Archer Armor
50:35 Light Cavalry
52:29 Hussar
56:11 Elite Skirmisher
58:56 Bodkin Arrow
simpu
11:21 Feudal Age
15:40 Castle Age
13:53 Horse Collar
14:33 Double-Bit Axe
22:26 Fervor
26:39 Loom
30:32 Imperial Age
29:14 Wheelbarrow
31:28 Scale Mail Armor
30:51 Pikeman
32:20 Halberdier
33:37 Chain Mail Armor
34:04 Forging
34:42 Fletching
37:47 Squires
40:22 Bow Saw
40:11 Crossbowman
41:28 Arbalester
42:32 Bodkin Arrow
42:37 Padded Archer Armor
43:06 Hand Cart
43:12 Bracer
43:15 Padded Archer Armor
44:28 Chemistry
43:49 Ballistics
45:21 Leather Archer Armor
46:32 Two-Man Saw
45:32 Heavy Plow
46:37 Elite Skirmisher
49:05 Guilds
49:24 Siege Engineers
49:30 Masonry
50:14 Ring Archer Armor
50:14 Plate Mail Armor
50:20 Iron Casting
51:25 Houfnice
52:42 Conscription
52:30 Wagenburg Tactics
59:08 Hussite Reforms
60:25 Sanctity
60:06 Devotion
60:31 Illumination
60:22 Block Printing
60:08 Atonement
60:18 Redemption
68:30 Faith
68:45 Theocracy
68:06 Herbal Medicine
68:31 Heresy
shikashoura
9:46 Feudal Age
13:20 Castle Age
11:28 Double-Bit Axe
12:36 Horse Collar
14:31 Bow Saw
21:21 Wheelbarrow
23:46 Gold Mining
27:15 Imperial Age
24:41 Loom
25:14 Scale Barding Armor
25:10 Stone Mining
25:34 Heavy Plow
25:51 Bloodlines
26:15 Chain Barding Armor
26:55 Husbandry
27:16 Cavalier
28:35 Plate Barding Armor
29:26 Forging
29:43 Conscription
30:24 Vendel Legacy
32:12 Iron Casting
34:14 Blast Furnace
33:38 Hand Cart
36:27 Coinage
38:24 Banking
40:41 Crop Rotation
41:12 Two-Man Saw
40:02 Light Cavalry
44:50 Hussar
46:18 Town Watch
47:01 Murder Holes
53:08 Scale Mail Armor
52:59 Fletching
53:21 Masonry
53:32 Ballistics
53:21 Elite Jarl
56:42 Architecture
64:10 Siege Engineers
mimikyu
3:48 Loom
10:40 Feudal Age
14:44 Castle Age
13:40 Double-Bit Axe
13:41 Horse Collar
14:51 Loom
16:25 Fletching
21:46 Bodkin Arrow
24:46 Wheelbarrow
27:31 Hand Cart
30:32 Red Cliffs Tactics
32:06 Bow Saw
32:00 Heavy Plow
33:05 Padded Archer Armor
32:58 Gold Mining
33:00 Stone Mining
35:00 Gold Shaft Mining
35:01 Stone Shaft Mining
37:41 Imperial Age
34:58 Town Watch
35:45 Leather Archer Armor
36:05 Masonry
38:24 Ballistics
37:50 Elite Fire Archer
38:51 Conscription
38:35 Bracer
39:38 Chemistry
40:09 Scale Mail Armor
40:20 Forging
40:41 Squires
40:26 Arson
41:13 Chain Mail Armor
40:33 Pikeman
42:18 Architecture
41:20 Halberdier
43:09 Iron Casting
43:10 Plate Mail Armor
44:24 Sitting Tiger
46:09 Blast Furnace
45:16 Scale Barding Armor
46:49 Guard Tower
46:41 Treadmill Crane
46:47 Treadmill Crane
Connection lost

Rejoining the realm…

Still unreachable

The connection could not be restored.

Session expired

The server has moved on; the page needs a fresh start.